Map: King's Cove LE

Players

wootwoot - Winner!

  • Race: Zerg Zerg
  • League: Diamond
  • Spawn Location: 11:00

StepsAhead

  • Race: Terran Terran
  • League: Diamond
  • Spawn Location: 5:00

VOD

Have the link to the VOD?

Description

Time

  • Played on: April 2, 2025, 7:44 p.m.
  • Length: 4:05
Show
View Real Time Build Order
Export as new Build Order

wootwoot Zerg - Winner!

Build Orders: Hatch First 

Get SALT Encoding   

  12  0:00  Drone  
  13  0:13  Overlord  
  13  0:18  Drone  
  14  0:31  Drone x2  
  16  0:48  Hatchery  
  15  0:51  Drone  
  15  0:55  Drone  
  17  0:59  Drone  
  17  1:01  Extractor  
  17  1:16  Spawning Pool  
  16  1:19  Drone  
  16  1:23  Drone  
  18  1:29  Drone  
  19  1:41  Overlord  
  19  2:02  Metabolic Boost  
  19  2:05  Queen x2  
  23  2:10  Zergling x2  
  23  2:14  Zergling x2  
  25  2:16  Zergling x2  
  25  2:20  Zergling x2  
  27  2:24  Zergling x2  
  27  2:27  Zergling x2  
  30  2:30  Zergling x2  
  30  2:42  Drone  
  30  2:43  Baneling Nest  
  30  2:44  Zergling x2  
  31  2:47  Zergling x2  
  31  2:50  Zergling x2  
  34  2:58  Zergling x4  
  35  3:07  Zergling x2  
  35  3:10  Overlord  
  36  3:14  Overlord  
  36  3:28  Zergling x6  
  36  3:30  Zergling x2  
  36  3:33  Zergling x2  
  39  3:36  Zergling x2  
  40  3:43  Zergling x4  
  40  3:45  Zergling x2  
Show
View Real Time Build Order
Export as new Build Order

StepsAhead Terran 

Build Orders: Hellion Opening 

Get SALT Encoding   

  12  0:00  SCV  
  13  0:12  SCV  
  14  0:17  Supply Depot  
  14  0:25  SCV  
  15  0:39  SCV  
  15  0:40  Barracks  
  16  0:45  Refinery  
  16  0:51  SCV  
  17  0:57  Refinery  
  17  1:03  SCV  
  18  1:16  SCV  
  19  1:31  Orbital Command  
  19  1:36  Factory  
  19  1:44  Supply Depot  
  19  1:52  Barracks Reactor  
  19  2:05  SCV  
  21  2:22  SCV  
  21  2:25  Command Center  
  21  2:35  Hellion  
  21  2:36  Hellion  
  25  2:38  SCV  
  26  2:49  Starport  
  26  2:50  SCV  
  27  2:55  Barracks Tech Lab  
  27  3:00  Hellion  
  27  3:04  Hellion  
  31  3:13  Supply Depot  
  30  3:35  Hellion x2  
Tags
 
Add a new tag
Caveats
  • Supply blocks, unpowered buildings, or Contaminate may cause inaccurate times.
  • Supply counts are checked every 10 seconds.